 Dungeon Crawl Stone Soup version 0.27-a0-931-g5a74e75d8f (webtiles) character file.

Game seed: 17050985830212986797

156 Alarkh the Insei (level 5, 0/35 (41) HPs)
             Began as a Demonspawn Gladiator on Apr 10, 2021.
             Slain by a wight
             ... wielding a +4 mace of freezing
              (1 damage)
             ... on level 3 of the Dungeon.
             The game lasted 00:02:04 (1529 turns).

Alarkh the Insei (Demonspawn Gladiator)             Turns: 1529, Time: 00:02:04

HP:   0/35 (41)     AC:  5    Str: 14    XL:     5   Next: 14%
MP:   5/5           EV: 12    Int: 10    God:
Gold: 104           SH:  0    Dex: 15    Spells: 4/4 levels left

rFire    . . .     SeeInvis .     - Unarmed
rCold    . . .     Faith    .   (no shield)
rNeg     . . .     Spirit   .   a - +0 leather armour
rPois    .         Reflect  .   b - +0 helmet
rElec    .         Harm     .   (no cloak)
rCorr    .         Rampage  .   g - +0 pair of gloves
Will     .....     Rnd*Rage +   (no boots)
Stlth    +.........             (no amulet)
HPRegen  1.11/turn              (no ring)
MPRegen  0.09/turn              (no ring)

@: on berserk cooldown, slowed, heavily drained, very slow
A: talons 1, spiny 1, berserk 1, regeneration 1, MP-powered wands
a: no special abilities


You were on level 3 of the Dungeon.
You visited 1 branch of the dungeon, and saw 3 of its levels.

You collected 104 gold pieces.

Inventory:

Missiles
 c - 3 throwing nets (quivered)
Armour
 a - a +0 leather armour (worn)
 b - a +0 helmet (worn)
 g - a +0 pair of gloves (worn)
Scrolls
 d - 2 scrolls of identify {unknown}
 f - 2 scrolls of magic mapping {unknown}
 j - a scroll of enchant armour {unknown}
 k - a scroll of noise {unknown}
 l - a scroll of brand weapon {unknown}
Potions
 e - a potion of haste {unknown}
 i - 2 potions of lignification


   Skills:
 + Level 3.4 Fighting
 - Level 1.7 Throwing
 - Level 2.6 Dodging
 * Level 4.6 Unarmed Combat


You had 4 spell levels left.
You didn't know any spells.
Your spell library was empty.

Dungeon Overview and Level Annotations

Branches:
Dungeon (3/15)

Altars:
Hepliaklqana


Innate Abilities, Weirdness & Mutations

You have sharp toenails.
You are partially covered in sharp spines.
You tend to lose your temper in combat.
Your natural rate of healing is unusually fast.
You expend magic power (3 MP) to strengthen your wands.


Message History

The frilled lizard hisses angrily.
You barely miss the frilled lizard. You claw the frilled lizard.
You kill the frilled lizard!
You barely miss the wight. You claw the wight, but do no damage.
The wight is struck by your spines.
The wight hits you with a +4 mace of freezing!
You feel drained. The wight freezes you.
The wight hits you with a +4 mace of freezing.
You feel drained. The wight freezes you.
You completely miss the wight. You claw the wight, but do no damage.
The wight is lightly damaged.
The frilled lizard misses you. The wight is struck by your spines.
The wight hits you with a +4 mace of freezing!
You feel drained. The wight freezes you.
* * * LOW HITPOINT WARNING * * *
The frilled lizard is struck by your spines.
You kill the frilled lizard!
The wight hits you with a +4 mace of freezing!
* * * LOW HITPOINT WARNING * * *
The wight freezes you.
* * * LOW HITPOINT WARNING * * *
The wight closely misses you. The wight barely misses you.
You hit the wight.
The wight is moderately damaged.
The wight hits you with a +4 mace of freezing.
* * * LOW HITPOINT WARNING * * *
You feel drained.
* * * LOW HITPOINT WARNING * * *
The wight freezes you.
* * * LOW HITPOINT WARNING * * *
You hit the wight. You claw the wight.
The wight is severely damaged.
The wight is struck by your spines. The wight closely misses you.
You barely miss the wight.
The wight is almost destroyed.
The wight hits you with a +4 mace of freezing.
* * * LOW HITPOINT WARNING * * *
You feel drained.
You die...

###...... ........# #.
........## #
.......... # .........
# ......... ..
........# ...
<.......######.# #..#.
.........z@....# ...##
........#####.## ##
........###
..........### ..
......###...### ##
##.... ###..)# ..
#####.######)#####...#
#................#
##....##...########


You could see a wight.

Vanquished Creatures
  2 wights (D:3)
  3 gnolls (D:3)
  2 worms (D:3)
  2 orcs (D:3)
  An endoplasm (D:2)
  A goblin (D:2)
  4 hobgoblins
  6 ball pythons
  10 bats
  3 frilled lizards
  3 kobolds
  4 rats
41 creatures vanquished.

Notes
Turn   | Place    | Note
-------+----------+-------------------------------------------
     0 | D:1      | Alarkh the Demonspawn Gladiator began the quest for the
                  | Orb.
     0 | D:1      | Reached XP level 1. HP: 16/16 MP: 1/1
   156 | D:1      | Reached skill level 3 in Unarmed Combat
   251 | D:1      | Found a faded altar of an unknown god.
   259 | D:1      | Gained mutation: You are partially covered in sharp spines.
                  | [demonic ancestry]
   259 | D:1      | Reached XP level 2. HP: 20/22 MP: 2/2
   668 | D:2      | Found a hazy altar of Hepliaklqana.
  1219 | D:3      | Reached XP level 3. HP: 26/28 MP: 3/3
  1279 | D:3      | Gained mutation: You tend to lose your temper in combat.
                  | [potion of mutation]
  1279 | D:3      | Gained mutation: You expend magic power (3 MP) to
                  | strengthen your wands. [potion of mutation]
  1279 | D:3      | Gained mutation: Your natural rate of healing is unusually
                  | fast. [potion of mutation]
  1355 | D:3      | Reached skill level 4 in Unarmed Combat
  1370 | D:3      | Reached XP level 4. HP: 34/34 MP: 4/4
  1507 | D:3      | Gained mutation: You have sharp toenails. [demonic
                  | ancestry]
  1507 | D:3      | Reached XP level 5. HP: 40/41 MP: 5/5
  1529 | D:3      | HP: 1/36 [wight/+4 mace of freezing (5)]
  1529 | D:3      | Slain by a wight

Illustrated notes

Levels and vault maps discovered:
D:1:      minmay_arrival_radiant_lines, layout_rooms, basic_ecumenical_altar
D:2:      layout_basic, basic_altar
D:3:      layout_rooms

Skill      XL: |  1  2  3  4 |
---------------+-------------+-----
Unarmed Combat | 3 4 |  4.6
Fighting       | 3 |  3.4
Throwing       | |  1.7
Dodging        | |  2.6

Action                   |  1- 3 |  4- 6 || total
-------------------------+-------+-------++-------
Melee: Unarmed           |    90 |    23 ||   113
       Punch             |     2 |     1 ||     3
       Kick              |       |     4 ||     4
  Use: Potion            |     3 |       ||     3
 Stab: Sleeping          |     2 |       ||     2
Armor: Leather armour    |    20 |     1 ||    21
       Skin              |    23 |       ||    23
Dodge: Dodged            |    61 |    10 ||    71

Table legend: (Time is in decaauts)
 A = Elapsed time spent in this place.
 B = Non-inter-level travel time spent in this place.
 C = Inter-level travel time spent in this place.
 D = Time resting spent in this place.
 E = Time spent auto-exploring this place.
 F = Levels seen in this place.
 G = Mean time per level.
                   A        B        C        D        E       F      G
               +--------+--------+--------+--------+--------+-----+--------+
         Total |   1526 |   1484 |     42 |      7 |   1182 |   3 |  508.7 |
       Dungeon |   1526 |   1484 |     42 |      7 |   1182 |   3 |  508.7 |
               +--------+--------+--------+--------+--------+-----+--------+

Top non-repeatable levels by time:
     D:2: 785 daAuts
     D:1: 395 daAuts
     D:3: 345 daAuts
